 Dungeon Crawl Stone Soup version 0.29-a0-1047-g7c58e119a4 (webtiles) character file.

Game seed: 17406439633578280730

12112 leavemydog the Thaumaturge (level 11, -3/62 HPs)
             Began as a Deep Elf Conjurer on Aug 16, 2022.
             Was an Initiate of Vehumet.
             Slain by a manticore (15 damage)
             ... on level 9 of the Dungeon.
             The game lasted 00:26:49 (14691 turns).

leavemydog the Thaumaturge (Deep Elf Conjurer)     Turns: 14691, Time: 00:26:51

Health: -3/62      AC: 10    Str:  4    XL:     11   Next: 58%
Magic:  0/31       EV: 12    Int: 34    God:    Vehumet [......]
Gold:   904        SH:  0    Dex: 13    Spells: 28/39 levels left

rFire   . . .      SeeInvis .   y - +4 hand axe (elec)
rCold   . . .      Faith    .   (no shield)
rNeg    . . .      Spirit   .   k - +2 robe {Will+}
rPois   .          Reflect  .   (no helmet)
rElec   .          Harm     .   G - +0 cloak
rCorr   .          Rampage  .   z - +0 pair of gloves
Will    ++...                   (no boots)
Stlth   ++........              (no amulet)
HPRegen 0.20/turn               C - +4 ring of protection
MPRegen 0.22/turn               u - +6 ring of intelligence

@: spiked, studying 2 skills
A: no striking features
a: Renounce Religion


You were on level 9 of the Dungeon.
You worshipped Vehumet.
Vehumet was noncommittal.
You visited 2 branches of the dungeon, and saw 11 of its levels.
You also visited: Bailey.

You collected 958 gold pieces.
You spent 54 gold pieces at shops.

Inventory:

Hand Weapons
 y - a +4 hand axe of electrocution (weapon)
Armour
 k - a +2 robe of willpower (worn)
 z - a +0 pair of gloves (worn)
 E - a +2 robe of fire resistance
 G - a +0 cloak (worn)
Magical Staves
 B - a staff of air
 M - a staff of death
Jewellery
 h - a ring of resist corrosion
 u - a +6 ring of intelligence (right hand)
 C - a +4 ring of protection (left hand)
 F - a ring of willpower
 L - a ring of protection from cold
Wands
 a - a wand of iceblast (9)
 f - a wand of polymorph (15)
 D - a wand of digging (3)
 J - a wand of mindburst (5)
 K - a wand of flame (5)
Scrolls
 d - a scroll of immolation
 e - 3 scrolls of fog
 g - 2 scrolls of fear
 i - 6 scrolls of noise
 m - 3 scrolls of enchant weapon
 o - 4 scrolls of teleportation
 p - a scroll of magic mapping {unknown}
 q - a scroll of torment {unknown}
 s - 2 scrolls of enchant armour {unknown}
 v - 2 scrolls of vulnerability
 A - 2 scrolls of amnesia {unknown}
 O - a scroll of brand weapon {unknown}
Potions
 b - 2 potions of magic
 j - 3 potions of attraction
 l - 2 potions of flight
 r - 2 potions of mutation {unknown}
 t - a potion of cancellation {unknown}
 w - 3 potions of might {unknown}
 x - 2 potions of brilliance {unknown}
 H - a potion of haste
 I - 2 potions of curing
 N - 2 potions of invisibility {unknown}
 P - a potion of lignification {unknown}
Miscellaneous
 n - a phantom mirror


   Skills:
 * Level 4.7 Fighting
 - Level 2.4 Dodging
 - Level 2.4 Stealth
 + Level 14.6 Spellcasting
 + Level 13.4 Conjurations
 - Level 6.3 Hexes
 - Level 5.6 Translocations
 - Level 0.2 Evocations


You had 28 spell levels left.
You knew the following spells:

 Your Spells              Type           Power      Damage    Failure   Level
a - Magic Dart            Conj           100%       1d8       0%          1
b - Searing Ray           Conj           100%       2d8       0%          2
c - Iskenderun's Mystic   Conj/Tloc      74%        2d15      1%          4
d - Fulminant Prism       Conj/Hex       37%        3d18      1%          4

Your spell library contained the following spells:

 Spells                   Type           Power      Damage    Failure   Level
 Dazzling Flash           Conj/Hex       100%       N/A       1%          3
 Sublimation of Blood     Necr           24%        N/A       2%          2
 Wereblood                Tmut           24%        N/A       2%          2
 Summon Hydra             Summ           12%        N/A       100%        7


Dungeon Overview and Level Annotations

Branches:
Dungeon (10/15)            Temple (1/1) D:7          Bailey (visited)
   Lair: D:8-11         Orc: D:9-12

Altars:
Ashenzari
Cheibriados
Dithmenos
Elyvilon
Fedhas
Gozag
Hepliaklqana
Kikubaaqudgha
Makhleb
Nemelex Xobeh
Okawaru
Qazlal
Ru
Sif Muna
Trog
Uskayaw
Vehumet
Wu Jian
Xom
Yredelemnul
Zin
The Shining One

Shops:
D:5 [   D:8 *

Annotations:
D:5 2 transporters, gabibbone's ghost, novice OpBe
D:9 Harold


Message History

The manticore flicks its tail.
The volley of spikes hits you!
The barbed spikes become lodged in your body.
* * * LOW HITPOINT WARNING * * *
You feel much better.
The manticore flicks its tail.
The volley of spikes hits you!
The barbed spikes become lodged in your body.
Casting: Searing Ray (safe; 0% risk of failure)
Confirm with . or Enter, or press ? or * to list all spells.
Aiming: Searing Ray (safe; 0% risk of failure)
Press: ? - help, Shift-Dir - straight line, f/p - manticore
Aim: a manticore (almost dead, 90% to hit)
The searing ray hits the manticore.
The manticore is almost dead. (Press . to maintain the ray.) Without enough magic to sustain it, your searing ray dissipates.
The manticore bites you but does no damage.
The manticore claws you.
The manticore claws you but does no damage.
The manticore bites you! The manticore barely misses you. x2
Casting: Searing Ray (safe; 0% risk of failure)
Confirm with . or Enter, or press ? or * to list all spells.
You don't have enough magic to cast this spell.
Unknown command.
You closely miss the manticore.
The manticore is almost dead.
The manticore bites you but does no damage.
The manticore claws you!
* * * LOW HITPOINT WARNING * * *
The manticore claws you but does no damage.
Casting: Searing Ray (safe; 0% risk of failure)
Confirm with . or Enter, or press ? or * to list all spells.
Aiming: Magic Dart (safe; 0% risk of failure)
Press: ? - help, Shift-Dir - straight line, f/p - manticore
Aim: a manticore (almost dead, 100% to hit)
The magic dart hits the manticore.
The manticore is almost dead.
The manticore bites you!
You die...

#...................########.#
#...................# #.#
#.........########..# #.#
'.........#......#..########.#
#.........#......'...........#
#.........#......#...........#
###########......#...........#
## ### ##############..####..#
.###[###.###.###@# #..# #..#
#.#.#.#.#.#.#)#H#.# #..####..#
##.###.###.###)###.##........#
#.#.#.#.#.#.#.#)# #!#........#
.# #.# #.# #.# #.# ##........#
#.#.#.#c#.#.#.# #.# #........#
#.# #.# #.# #.# #H##........#
#.#.#.#.#.#.# #.# #!#........#
.# #y# #.# #.# #.# ##........#


You could see a manticore.

Vanquished Creatures
  4 two-headed ogres
  Erica (D:8)
  An orc knight (Bailey)
  Pikel (D:8)
  Maggie (D:9)
  Psyche (D:8)
  4 trolls
  2 hornets
  A slime creature (D:9)
  9 yaks
  3 vampire mosquitoes (D:10)
  3 water moccasins
  4 sky beasts
  6 orc warriors
  3 ice beasts
  2 ogres
  3 lemures (D:8)
  2 centaurs
  8 kobold brigands
  4 bullfrogs
  2 gnoll sergeants (D:9)
  A necrophage (D:5)
  2 scorpions
  A wight (D:9)
  11 killer bees
  5 howler monkeys
  4 hounds
  10 orc priests
  A gnoll bouda (D:6)
  6 iguanas
  8 orc wizards
  3 adders
  A white imp (D:6)
  2 ufetubi (D:4)
  3 worms
  3 dart slugs
  28 orcs
  3 bats
  3 endoplasms
  4 goblins
  5 hobgoblins
  4 jackals (D:1)
  A quokka (D:4)
  7 ball pythons
  2 frilled lizards (D:1)
  17 kobolds
  4 rats
204 creatures vanquished.

Vanquished Creatures (others)
  30 fulminant prisms
30 creatures vanquished.

Grand Total: 234 creatures vanquished

Notes
Turn   | Place    | Note
-------+----------+-------------------------------------------
     0 | D:1      | leavemydog the Deep Elf Conjurer began the quest for the
                  | Orb.
     0 | D:1      | Reached XP level 1. HP: 10/10 MP: 6/6
   224 | D:1      | Reached XP level 2. HP: 15/15 MP: 6/8
   227 | D:1      | Learned a level 2 spell: Searing Ray
   252 | D:1      | Reached skill level 5 in Conjurations
   823 | D:2      | Found a faded altar of an unknown god.
   878 | D:2      | Reached XP level 3. HP: 19/19 MP: 5/9
  1775 | D:3      | Reached XP level 4. HP: 18/24 MP: 1/11
  1864 | D:3      | Learned a level 4 spell: Iskenderun's Mystic Blast
  2706 | D:4      | Reached skill level 4 in Spellcasting
  3065 | D:4      | Reached skill level 1 in Translocations
  3065 | D:4      | Reached XP level 5. HP: 28/28 MP: 8/13
  3104 | D:4      | Learned a level 4 spell: Fulminant Prism
  3476 | D:5      | Entered Level 5 of the Dungeon
  3489 | D:5      | Reached skill level 5 in Spellcasting
  3489 | D:5      | Reached skill level 1 in Hexes
  3685 | D:5      | Noticed an ogre
  3691 | D:5      | Killed an ogre
  3692 | D:5      | Reached XP level 6. HP: 27/32 MP: 6/15
  3921 | D:5      | Noticed a water moccasin
  3926 | D:5      | Killed a water moccasin
  4167 | D:5      | Found a transporter.
  4171 | D:5      | Found Mesokuc's Armour Shoppe.
  4179 | D:5      | Noticed gabibbone's ghost (novice OpBe)
  4184 | D:5      | Reached skill level 6 in Spellcasting
  4184 | D:5      | Reached XP level 7. HP: 28/36 MP: 12/18
  4461 | D:5      | Found a transporter.
  4591 | D:5      | Found a shimmering altar of Xom.
  5545 | D:6      | Reached skill level 7 in Spellcasting
  5553 | D:6      | Reached XP level 8. HP: 32/41 MP: 2/20
  6421 | D:6      | Reached skill level 8 in Spellcasting
  7102 | D:7      | Found a staircase to the Ecumenical Temple.
  7111 | D:7      | Reached skill level 5 in Hexes
  7119 | Temple   | Entered the Ecumenical Temple
  7243 | D:7      | Found a flagged portal.
  7250 | Bailey   | Entered a bailey
  7284 | Bailey   | Reached skill level 9 in Spellcasting
  8158 | Bailey   | Reached XP level 9. HP: 32/45 MP: 15/24
  8180 | Bailey   | Reached skill level 5 in Translocations
  8309 | Bailey   | Noticed an orc knight
  8330 | Bailey   | Killed an orc knight
  8331 | Bailey   | Reached skill level 10 in Spellcasting
  8457 | Bailey   | Found an iron altar of Okawaru.
  8503 | D:7      | Reached skill level 10 in Conjurations
  9584 | D:7      | Reached skill level 1 in Fighting
 10075 | D:8      | Noticed Pikel
 10086 | D:8      | Killed Pikel
 10087 | D:8      | Reached skill level 11 in Spellcasting
 10087 | D:8      | Reached XP level 10. HP: 47/53 MP: 11/27
 10092 | D:8      | Noticed Psyche
 10098 | D:8      | Killed Psyche
 10676 | D:8      | Paralysed by a hornet for 3 turns
 11218 | D:8      | Noticed Erica
 11294 | D:8      | Killed Erica
 11295 | D:8      | Reached skill level 12 in Spellcasting
 11723 | D:8      | Found Ruyttav's Neck Hole.
 11730 | D:8      | Bought a +0 cloak for 54 gold pieces
 12057 | D:9      | Noticed Maggie
 12067 | D:9      | Killed Maggie
 12237 | D:9      | Noticed a two-headed ogre
 12254 | D:9      | Killed a two-headed ogre
 12255 | D:9      | Reached skill level 13 in Spellcasting
 12546 | D:9      | Found a white marble altar of Elyvilon.
 12586 | D:9      | Found a radiant altar of Vehumet.
 12587 | D:9      | Found an ornate altar of the Wu Jian Council.
 12768 | D:10     | Entered Level 10 of the Dungeon
 12776 | D:10     | Reached XP level 11. HP: 44/60 MP: 20/30
 12973 | D:9      | Noticed Harold
 13442 | D:10     | Noticed a two-headed ogre
 13451 | D:10     | Killed a two-headed ogre
 13576 | D:10     | Noticed a two-headed ogre
 13585 | D:10     | Killed a two-headed ogre
 13928 | D:10     | Noticed a two-headed ogre
 13933 | D:10     | Killed a two-headed ogre
 13934 | D:10     | Reached skill level 14 in Spellcasting
 14023 | D:10     | Found a basalt altar of Yredelemnul.
 14030 | D:10     | Found a snail-covered altar of Cheibriados.
 14030 | D:10     | Found a glowing golden altar of the Shining One.
 14273 | D:9      | Became a worshipper of Vehumet
 14691 | D:9      | Slain by a manticore

Illustrated notes

Levels and vault maps discovered:
D:1:      lightli_arrival_maybe_door_vault, layout_rooms,
          chequers_serial_rivers_small_a
D:2:      layout_basic, shapermc_ecumenical_altar_notcrosses
D:3:      layout_rooms, kennysheep_boxes
D:4:      layout_basic
D:5:      layout_loops_ring, kennysheep_little_box, serial_shops, shop_statue,
          gammafunk_ghost_stat_death
D:6:      layout_basic, minmay_manual_monstrance
D:7:      layout_layer_cave, minmay_temple_entry_sparse_star, enter_bailey_2,
          minmay_misc_feat_roman
D:8:      layout_loops_ring, serial_park_tiny_pond,
          nicolae_shop_sticking_my_neck_out, uniq_pikel, uniq_psyche, uniq_erica
D:9:      minmay_imperfect_grid, layout_stronghold,
          nicolae_overflow_hidden_temple, st_stairs_12, uniq_harold, uniq_maggie
D:10:     layout_basic, minitemple
Temple:   hellmonk_temple_two_chambers

Skill      XL: |  1  2  3  4  5  6  7  8  9 10 11 |
---------------+----------------------------------+-----
Conjurations   | 5 6 7 8 9 10 12 13 | 13.4
Spellcasting   | 4 5 6 7 9 11 13 14 | 14.6
Translocations | 1 2 3 4 5 |  5.6
Hexes          | 1 2 3 5 6 |  6.3
Fighting       | 1 3 4 |  4.7
Dodging        | |  2.4
Stealth        | |  2.4
Evocations     | |  0.2

Action                   |  1- 3 |  4- 6 |  7- 9 | 10-12 || total
-------------------------+-------+-------+-------+-------++-------
Melee: Hand axe          |       |     3 |     9 |     1 ||    13
 Cast: Magic Dart        |    53 |    74 |   166 |    60 ||   353
       Searing Ray       |     2 |     8 |    34 |    44 ||    88
       Iskenderun's Myst |       |       |    13 |    25 ||    38
       Fulminant Prism   |       |       |    10 |    20 ||    30
Evoke: Wand              |       |       |     4 |       ||     4
  Use: Scroll            |       |     9 |       |     4 ||    13
       Potion            |       |       |     9 |     3 ||    12
Armor: Robe              |     1 |     2 |    20 |    25 ||    48
Dodge: Dodged            |     2 |    12 |    57 |    50 ||   121

Table legend: (Time is in decaauts)
 A = Elapsed time spent in this place.
 B = Non-inter-level travel time spent in this place.
 C = Inter-level travel time spent in this place.
 D = Time resting spent in this place.
 E = Time spent auto-exploring this place.
 F = Levels seen in this place.
 G = Mean time per level.
                   A        B        C        D        E       F      G
               +--------+--------+--------+--------+--------+-----+--------+
         Total |  14736 |  14136 |    600 |   5971 |   6743 |  12 | 1228.0 |
       Dungeon |  13398 |  12803 |    595 |   4914 |   6639 |  10 | 1339.8 |
        Temple |     52 |     47 |      5 |      0 |     45 |   1 |   52.0 |
        Bailey |   1285 |   1285 |      0 |   1057 |     58 |   1 | 1285.0 |
               +--------+--------+--------+--------+--------+-----+--------+

Top non-repeatable levels by time:
     D:6: 2038 daAuts
     D:7: 1943 daAuts
     D:8: 1901 daAuts
    D:10: 1597 daAuts
  Bailey: 1285 daAuts
     D:5: 1265 daAuts
     D:9: 1174 daAuts
     D:4: 1150 daAuts
     D:2: 869 daAuts
     D:1: 784 daAuts
     D:3: 671 daAuts
  Temple: 52 daAuts
